 Dungeon Crawl Stone Soup version 0.31-a0-145-g046c7d2549 (webtiles) character file.

Game seed: 4459691617157557303

583 Anon1729 the Slasher (level 7, -2/62 HPs)
             Began as a Minotaur Monk on June 5, 2023.
             Was a Believer of Qazlal.
             Slain by Edmund
             ... wielding a +2 flail of venom
              (12 damage)
             ... on level 4 of the Dungeon.
             The game lasted 00:02:28 (2997 turns).

Anon1729 the Slasher (Minotaur Monk)                Turns: 2997, Time: 00:02:28

Health: -2/62      AC:  9    Str: 16    XL:     7   Next: 14%
Magic:  6/6        EV: 11    Int:  7    God:    Qazlal [**....]
Gold:   198        SH:  2    Dex: 14    Spells: 6/6 levels left

rFire   + . .        a - +0 falchion
rCold   . . .        d - orb {light}
rNeg    . . .        f - +2 scale mail {Will+}
rPois   .            (helmet restricted)
rElec   .            x - scarf {shadows}
rCorr   .            (no gloves)
SInv    .            (no boots)
Will    ++...        (no amulet) Stlth
                     l - ring of willpower
HPRegen 0.30/turn    y - ring of protection from fire
MPRegen 0.10/turn

%: no passive effects
@: attractive, glowing
A: horns 2, retaliatory headbutt
a: Renounce Religion, Upheaval


You were on level 4 of the Dungeon.
You worshipped Qazlal.
Qazlal was pleased with you.
You visited 2 branches of the dungeon, and saw 5 of its levels.

You collected 246 gold pieces.
You spent 48 gold pieces at shops.

Inventory:

Hand Weapons
 a - a +0 falchion (weapon)
Armour
 b - a +0 robe
 d - an orb of light (worn)
 f - a +2 scale mail of willpower (worn)
 x - a scarf of shadows (worn)
Jewellery
 l - a ring of willpower (left hand)
 y - a ring of protection from fire (right hand)
 B - an amulet of reflection
Wands
 t - a wand of flame (27)
Scrolls
 e - a scroll of silence {unknown}
 g - 2 scrolls of teleportation {unknown}
 i - a scroll of poison {unknown}
 j - 2 scrolls of immolation {unknown}
 n - 2 scrolls of torment {unknown}
 p - 3 scrolls of identify {unknown}
 q - a scroll of magic mapping {unknown}
 s - 2 scrolls of enchant armour {unknown}
 u - a scroll of enchant weapon {unknown}
 z - a scroll of vulnerability {unknown}
Potions
 c - 2 potions of ambrosia
 h - a potion of curing
 k - 2 potions of magic {unknown}
 m - a potion of might
 o - 2 potions of attraction
 r - a potion of lignification {unknown}
 v - a potion of invisibility {unknown}
 w - 2 potions of haste {unknown}
 A - a potion of heal wounds {unknown}


   Skills:
 + Level 5.8 Fighting
 - Level 0.6(3.3) Short Blades
 + Level 5.8(5.9) Long Blades
 + Level 4.2 Armour
 + Level 5.2 Dodging


You had 6 spell levels left.
You didn't know any spells.
Your spell library contained the following spells:

 Spells                   Type           Power      Damage    Failure   Level
 Manifold Assault         Tloc           0%         N/A       100%        4
 Dispersal                Tloc           0%         N/A       100%        6
 Disjunction              Tloc           0%         N/A       100%        8


Dungeon Overview and Level Annotations

Branches:
Dungeon (4/15)             Temple (1/1) D:4

Altars:
Fedhas
Qazlal
Ru
Trog
Vehumet

Shops:
D:1 *

Portals:
Abyss: D:1***

Annotations:
D:4 Edmund


Innate Abilities, Weirdness & Mutations

You have a pair of horns on your head.
You reflexively headbutt those who attack you in melee.


Message History

You hit Edmund.
Edmund is moderately wounded.
You block Edmund's attack.
You hit Edmund but do no damage.
Edmund is moderately wounded.
Edmund hits you with a +2 flail of venom!
You are poisoned.
You hit Edmund.
Edmund is moderately wounded.
You feel very sick. Edmund barely misses you. You furiously retaliate!
You headbutt Edmund! You hit Edmund but do no damage. You headbutt Edmund!
Edmund is severely wounded.
* * * LOW HITPOINT WARNING * * *
You feel very sick.
Edmund hits you with a +2 flail of venom.
* * * LOW HITPOINT WARNING * * *
You feel better. Edmund hits you but does no damage.
You are poisoned.
You hit Edmund but do no damage.
Edmund is severely wounded.
You feel very sick. Edmund closely misses you.
You hit Edmund.
Edmund is severely wounded.
You feel sick.
Edmund hits you with a +2 flail of venom.
* * * LOW HITPOINT WARNING * * *
You are lethally poisoned!
You feel better.
Edmund hits you with a +2 flail of venom!
* * * LOW HITPOINT WARNING * * *
You are lethally poisoned!
You feel better.
Edmund hits you with a +2 flail of venom!
* * * LOW HITPOINT WARNING * * *
You are lethally poisoned!
You feel better.
Edmund hits you with a +2 flail of venom!
You die...

#...#.#
#.8.>.8.#######
#####.#
.....⌠.⌠..#
#####.#
####.8.8.8.#
#.....#
#.......#
#.#####
###.#..## #.#
#....# #.# ##
..# #.#
#############..#
#.#
.......@.......#
#.#
......○@.##.####
#.# ########.#
.# #.# #.# .#
##### #.# #.# .#
#.... #.# #.# .#
#.### #)# ##.#
.# #.# #.# #..#
#.# #.# #.## #.#


You could see Edmund (strong).

Vanquished Creatures
  Eustachio (D:4)
  An ogre (D:4)
  A scorpion (D:2)
  2 orc priests
  Jessica (D:2)
  An iguana (D:4)
  4 orc wizards
  An adder (D:4)
  An ufetubus (D:4)
  3 dart slugs
  5 orcs
  6 endoplasms
  A giant cockroach (D:3)
  3 hobgoblins
  4 jackals (D:2)
  3 quokkas
  8 ball pythons
  6 bats
  3 frilled lizards
  6 goblins
  6 kobolds
  2 rats
69 creatures vanquished.

Notes
Turn   | Place    | Note
-------+----------+-------------------------------------------
     0 | D:1      | Anon1729 the Minotaur Monk began the quest for the Orb.
     0 | D:1      | Reached XP level 1. HP: 19/19 MP: 0/0
    77 | D:1      | Found Nuimisee's General Store.
   104 | D:1      | Reached XP level 2. HP: 27/27 MP: 1/1
   186 | D:1      | Reached skill level 1 in Armour
   303 | D:1      | Bought a potion of might for 48 gold pieces
   501 | D:2      | Reached XP level 3. HP: 33/33 MP: 2/2
   670 | D:2      | Noticed Jessica
   678 | D:2      | Killed Jessica
   820 | D:2      | Reached XP level 4. HP: 40/40 MP: 3/3
   953 | D:2      | Noticed a scorpion
   957 | D:2      | Killed a scorpion
  1290 | D:3      | Reached XP level 5. HP: 25/47 MP: 4/4
  1509 | D:3      | Found a radiant altar of Vehumet.
  1573 | D:3      | Found a faded altar of an unknown god.
  2113 | D:4      | Found a stormy altar of Qazlal.
  2116 | D:4      | Noticed an ogre
  2120 | D:4      | Killed an ogre
  2121 | D:4      | Reached skill level 5 in Fighting
  2121 | D:4      | Reached skill level 5 in Long Blades
  2121 | D:4      | Reached XP level 6. HP: 56/56 MP: 5/5
  2144 | D:4      | Became a worshipper of Qazlal Stormbringer
  2144 | D:4      | Reached * piety under Qazlal
  2144 | D:4      | Reached ** piety under Qazlal
  2174 | D:4      | Noticed Eustachio
  2214 | D:4      | Killed Eustachio
  2215 | D:4      | Reached skill level 5 in Dodging
  2621 | D:4      | Found a staircase to the Ecumenical Temple.
  2644 | Temple   | Entered the Ecumenical Temple
  2808 | D:4      | Reached XP level 7. HP: 21/62 MP: 6/6
  2971 | D:4      | Noticed Edmund
  2996 | D:4      | HP: 3/62 [Edmund/+2 flail of venom (15)]
  2997 | D:4      | Slain by Edmund

Illustrated notes

Levels and vault maps discovered:
D:1:      minmay_arrival_glassed_features, layout_rooms, serial_shops,
          nicolae_shop_window_shopping
D:2:      layout_basic, uniq_jessica
D:3:      layout_loops_cross, vehumet_altar_wand_db,
          shapermc_ecumenical_altar_starsandcircs
D:4:      layout_loops_ring, mainiacjoe_overflow_chevrons,
          minmay_temple_entry_statues_fountains, uniq_edmund, uniq_eustachio
Temple:   minmay_temple_curvy_branch

Skill      XL: |  1  2  3  4  5  6 |
---------------+-------------------+-----
Armour         | 1 2 3 4 |  4.2
Fighting       | 4 5 |  5.8
Long Blades    | 4 5 |  5.8
Dodging        | 4 5 |  5.2
Short Blades   | |  0.6

Action                     |  1- 3 |  4- 6 |  7- 9 || total
---------------------------+-------+-------+-------++-------
  Melee: Falchion          |    64 |   107 |    18 ||   189
         Headbutt          |    11 |    28 |     6 ||    45
    Use: Potion            |       |       |     6 ||     6
 Armour: Scale mail        |    29 |    40 |     4 ||    73
  Dodge: Dodged            |    36 |    62 |     6 ||   104
  Block: Orb               |       |     3 |     3 ||     6

Table legend: (Time is in decaauts)
 A = Elapsed time spent in this place.
 B = Non-inter-level travel time spent in this place.
 C = Inter-level travel time spent in this place.
 D = Time resting spent in this place.
 E = Time spent auto-exploring this place.
 F = Levels seen in this place.
 G = Mean time per level.
                   A        B        C        D        E       F      G
               +--------+--------+--------+--------+--------+-----+--------+
         Total |   3008 |   2911 |     97 |    223 |   2201 |   5 |  601.6 |
       Dungeon |   2947 |   2870 |     77 |    223 |   2161 |   4 |  736.8 |
        Temple |     60 |     41 |     19 |      0 |     40 |   1 |   60.0 |
               +--------+--------+--------+--------+--------+-----+--------+

Top non-repeatable levels by time:
     D:2: 939 daAuts
     D:4: 894 daAuts
     D:3: 654 daAuts
     D:1: 458 daAuts
  Temple: 60 daAuts
